 Dungeon Crawl Stone Soup version 0.28-a0-429-g1448048969 (webtiles) character file.

Game seed: 10109431102023687507

263224 MacCMillion the Lord of Darkness (level 19, 0/123 (128) HPs)
             Began as a Demonspawn Necromancer on Sept 10, 2021.
             Was the Champion of Kikubaaqudgha.
             Killed from afar by a hellion (15 damage)
             ... with damnation
             ... summoned by a dread lich
             ... on level 14 of the Dungeon.
             The game lasted 05:33:56 (48413 turns).

MacCMillion the Lord of Darkness (DsNe)            Turns: 48413, Time: 05:34:12

HP:   0/123 (128)   AC: 26    Str: 19    XL:     19   Next: 62%
MP:   0/33          EV: 13    Int: 24    God:    Kikubaaqudgha [******]
Gold: 1033          SH:  8    Dex: 13    Spells: 1/38 levels left

rFire   . . .      SeeInvis +   i - +10 dagger "Killer Bee's Regret" {venom, rPois Int+4 Stlth-}
rCold   . . .      Faith    .   N - +2 buckler {AC+3}
rNeg    + . .      Spirit   +   c - +4 troll leather armour
rPois   +          Reflect  .   (helmet unavailable)
rElec   +          Harm     .   t - +2 cloak
rCorr   .          Rampage  +   n - +3 pair of gloves of the Lion {Str+3}
Will    ++...                   E - +2 pair of boots {rampage}
Stlth   ++........              Y - amulet of Witekiox {Rampage rN+ Regen+ Str+2}
HPRegen 2.30/turn               s - +4 ring of slaying
MPRegen 0.46/turn               M - ring of Coweoc {Will+ Slay+2 SInv}

@: studying Maces & Flails, lightly drained
A: antennae 3, thin metallic scales 3, ignite blood 1, magic shield, magic
regeneration, magic link, corrupting presence 1, deformed body, frail 1
}: 1/15 runes: serpentine
a: Renounce Religion, Receive Corpses, Torment


You were on level 14 of the Dungeon.
You worshipped Kikubaaqudgha.
Kikubaaqudgha was exalted by your worship.
You visited 9 branches of the dungeon, and saw 35 of its levels.
You also visited: Bailey and Ice Cave.

You collected 6822 gold pieces.
You spent 5789 gold pieces at shops.

Inventory:

Hand Weapons
 a - a +5 battleaxe of pain
 b - a +1 spectral quick blade
 i - the +10 dagger "Killer Bee's Regret" (weapon) {venom, rPois Int+4 Stlth-}
   (You found it on level 12 of the Dungeon)

   It poisons the flesh of those it strikes.
   Int:       It affects your intelligence (+4).
   rPois:     It protects you from poison.
   Stlth:     It makes you less stealthy.
Armour
 c - a +4 troll leather armour (worn)
 n - the +3 pair of gloves of the Lion (worn) {Str+3}
   (You acquired it on level 1 of the Shoals)

   Str:       It affects your strength (+3).
 t - a +2 cloak (worn)
 E - a +2 pair of boots of rampaging (worn)
 K - +0 shadow dragon scales
 N - a +2 buckler of protection (worn)
Magical Staves
 w - a staff of death
Jewellery
 g - a ring of protection from cold
 s - a +4 ring of slaying (left hand)
 A - a ring of wizardry
 C - an amulet of regeneration
 F - an amulet of reflection
 I - an amulet of magic regeneration
 M - the ring of Coweoc (right hand) {Will+ Slay+2 SInv}
   (You bought it in a shop on level 2 of the Orcish Mines)

   [ring of willpower]

   Slay:      It affects your accuracy & damage with ranged weapons and melee
   (+2).
   SInv:      It lets you see invisible.
   Will:      It increases your willpower.
 Y - the amulet of Witekiox (around neck) {Rampage rN+ Regen+ Str+2}
   (You found it on level 2 of the Snake Pit)

   [amulet of regeneration]

   Str:       It affects your strength (+2).
   rN:        It protects you from negative energy.
   Regen:     It increases your rate of health regeneration.
   Rampage:   It bestows one free step when moving towards enemies.
Wands
 h - a wand of acid (10)
 o - a wand of iceblast (56)
 u - a wand of flame (58) (quivered)
 J - a wand of paralysis (43)
 Q - a wand of mindburst (11)
Scrolls
 f - 4 scrolls of immolation
 j - 6 scrolls of enchant weapon
 m - 2 scrolls of silence
 p - 3 scrolls of holy word
 q - 7 scrolls of fog
 r - 7 scrolls of noise
 y - 15 scrolls of identify
 L - 3 scrolls of amnesia
 O - 3 scrolls of vulnerability
 P - 5 scrolls of teleportation
 R - 5 scrolls of fear
 T - 2 scrolls of brand weapon
 W - 3 scrolls of enchant armour
 Z - 2 scrolls of magic mapping
Potions
 d - 2 potions of flight
 e - 5 potions of lignification
 k - a potion of haste
 l - 7 potions of might
 v - 2 potions of cancellation
 x - a potion of ambrosia
 z - 3 potions of magic
 B - 7 potions of curing
 D - 4 potions of invisibility
 G - 2 potions of brilliance
 H - 2 potions of berserk rage
 S - 2 potions of attraction
 U - 2 potions of resistance
Miscellaneous
 X - a condenser vane


   Skills:
 - Level 11.0 Fighting
 - Level 10.0 Short Blades
 - Level 9.7 Axes
 + Level 6.7 Staves
 - Level 11.1 Armour
 - Level 5.0 Dodging
 - Level 5.6 Stealth
 * Level 8.2 Shields
 - Level 10.0 Spellcasting
 + Level 9.2 Summonings
 - Level 17.6 Necromancy
 - Level 5.0 Translocations
 - Level 6.3 Ice Magic
 - Level 10.0 Earth Magic
 - Level 8.1 Evocations


You had one spell level left.
You knew the following spells:

 Your Spells              Type           Power      Damage    Failure   Level
a - Infestation           Necr           38%        N/A       28%         8
b - Death Channel         Necr           38%        N/A       1%          6
c - Blink                 Tloc           N/A        N/A       1%          2
d - Borgnjor's Vile Clut  Necr/Erth      33%        N/A       1%          5
e - Sublimation of Blood  Necr           38%        N/A       0%          2
f - Lee's Rapid Deconstr  Erth           28%        3d16*     2%          5
g - Haunt                 Necr/Summ      33%        N/A       21%         7
h - Passwall              Tmut/Erth      30%        N/A       1%          2

Your spell library contained the following spells:

 Spells                   Type           Power      Damage    Failure   Level
 Animate Skeleton         Necr           100%       N/A       0%          1
 Pain                     Necr           100%       1d9       0%          1
 Freeze                   Ice            100%       1d11      1%          1
 Sandblast                Erth           100%       2d20      1%          1
 Foxfire                  Conj/Fire      48%        2x1d6     6%          1
 Shock                    Conj/Air       48%        1d6       6%          1
 Sting                    Tmut/Pois      48%        1d5       6%          1
 Vampiric Draining        Necr           38%        2d11      0%          3
 Call Canine Familiar     Summ           54%        N/A       1%          3
 Frozen Ramparts          Ice            84%        1d10      1%          3
 Animate Dead             Necr           38%        N/A       1%          4
 Dispel Undead            Necr           77%        3d25      1%          4
 Agony                    Necr           77%        N/A       1%          5
 Ensorcelled Hibernation  Hex/Ice        54%        N/A       2%          2
 Gell's Gravitas          Tloc           18%        N/A       2%          3
 Lesser Beckoning         Tloc           36%        N/A       2%          3
 Stone Arrow              Conj/Erth      72%        3d11      2%          3
 Summon Guardian Golem    Hex/Summ       34%        N/A       2%          3
 Teleport Other           Tloc           36%        N/A       2%          3
 Portal Projectile        Hex/Tloc       48%        N/A       6%          3
 Simulacrum               Ice/Necr       31%        N/A       7%          6
 Leda's Liquefaction      Hex/Erth       18%        N/A       8%          4
 Scorch                   Fire           24%        2d6       9%          2
 Hailstorm                Conj/Ice       27%        3d7       16%         4
 Ice Form                 Ice/Tmut       27%        N/A       16%         4
 Conjure Flame            Conj/Fire      12%        6-21      17%         3
 Ignite Poison            Fire/Tmut/Pois 12%        N/A       17%         3
 Inner Flame              Hex/Fire       12%        N/A       17%         3
 Spider Form              Tmut/Pois      6%         N/A       17%         3
 Swiftness                Air            12%        N/A       17%         3
 Iskenderun's Mystic Bla  Conj/Tloc      24%        2d7       21%         4
 Manifold Assault         Tloc           36%        N/A       21%         5
 Summon Cactus Giant      Summ           27%        N/A       21%         6
 Borgnjor's Revivificati  Necr           38%        N/A       28%         8
 Airstrike                Air            6%         N/A       50%         4
 Flame Wave               Conj/Fire      12%        3d4       50%         4
 Fulminant Prism          Conj/Hex       6%         3d7       50%         4
 Sticky Flame             Conj/Fire      12%        2d4       50%         4
 Dispersal                Tloc           18%        N/A       75%         6
 Statue Form              Tmut/Erth      24%        N/A       75%         6
 Yara's Violent Unravell  Hex/Tmut       6%         3d5       85%         5
 Death's Door             Necr           38%        N/A       99%         9
 Dragon Form              Tmut           6%         N/A       100%        7
 Orb of Destruction       Conj           6%         9d3       100%        7
 Spellforged Servitor     Conj/Summ      17%        N/A       100%        7
 Necromutation            Tmut/Necr      26%        N/A       100%        8


Dungeon Overview and Level Annotations

Branches:
Dungeon (15/15)            Temple (1/1) D:5            Lair (6/6) D:10
 Shoals (3/4) Lair:4        Snake (4/4) Lair:2        Slime (0/5) Lair:6
    Orc (2/2) D:9             Elf (2/3) Orc:2        Vaults (1/5) D:14
 Depths (1/5) D:15         Bailey (visited)           IceCv (visited)

Altars:
Ashenzari
Cheibriados
Dithmenos
Elyvilon
Fedhas
Gozag
Hepliaklqana
Kikubaaqudgha
Makhleb
Nemelex Xobeh
Okawaru
Qazlal
Ru
Sif Muna
Trog
Uskayaw
Vehumet
Wu Jian
Xom
Yredelemnul
Zin
The Shining One
Jiyva

Shops:
D:5 [   Orc:1 [*   Orc:2 [=[?***=   Elf:1 =*   Shoals:1 ?   Snake:3 =:=(
Snake:4 *

Portals:
Abyss: Depths:1
Ziggurat: Depths:1

Annotations:
D:15 1 runed translucent door


Innate Abilities, Weirdness & Mutations

You have a pair of large antennae on your head. (SInv)
You are completely covered in thin metallic scales. (AC +4, rElec)
Your demonic aura sometimes causes spilled blood to erupt in flames.
When hurt, damage is shared between your health and your magic reserves.
You regenerate magic rapidly.
When low on magic, you restore magic in place of health.
Your presence sometimes corrodes those you injure.
Armour fits poorly on your strangely shaped body.
You are frail. (-10% HP)


Message History

The sphere of damnation explodes!
The damnation engulfs you!!
The dread lich casts a spell.
The zombie hands constrict the dread lich!
The dread lich escapes!
The hellion gestures at you.
The sphere of damnation explodes!
The damnation engulfs you!
The dread lich gestures wildly while chanting.
The hellion gestures at you.
The sphere of damnation explodes!
The damnation engulfs you!! The cacodemon gestures next to you.
Some rock shatters into small pieces.
Casting: Borgnjor's Vile Clutch (mildly dangerous; 1% risk of failure)
Confirm with . or Enter, or press ? or * to list all spells.
Aiming: Borgnjor's Vile Clutch (mildly dangerous; 1% risk of failure)
Press: ? - help, Shift-Dir - straight line, f/p - dread lich
Aim: a dread lich (severely damaged, fast, slightly transparent, 100% to hit)
Okay, then.
Casting: Borgnjor's Vile Clutch (mildly dangerous; 1% risk of failure)
Confirm with . or Enter, or press ? or * to list all spells.
Aiming: Borgnjor's Vile Clutch (mildly dangerous; 1% risk of failure)
Press: ? - help, Shift-Dir - straight line, f/p - dread lich
Aim: a dread lich (severely damaged, fast, slightly transparent, 100% to hit)
The freezing wraith is unaffected.
Zombie hands grab the dread lich.
The zombie hands constrict the dread lich.
The dread lich escapes!
The hellion gestures at you.
The sphere of damnation explodes!
The damnation engulfs you! The balrug gestures at you.
The bolt of fire hits you!!
* * * LOW HITPOINT WARNING * * *
The cacodemon gestures next to the dread lich.
Some rock shatters into small pieces.
The balrug gestures at you. The bolt of fire hits you!!
* * * LOW HITPOINT WARNING * * *
The hellion gestures at you.
The sphere of damnation explodes!
The damnation engulfs you!!
You die...
Kikubaaqudgha rasps: "You have failed me!
Welcome... death!"

## ##.# ##.# #...... .####..#
#..# ##..... #.##...#
#..##########.... ..#....#
##......#..(####.. ..'....#
##.......#≈≈≈≈≈≈#.. ..#....#
##........#...###### #.##...#
##..............#..## .####..#
####...#...............# ##
##.###......@>............... ##
##...2.2.L..............#..#.
.####......W..##.................
..##.......2..##..........#......
..............###................
###........#...##................
# ##.<...####..####.......#......
# ####### ##..# #######........ #
#..## #...#..#.


You could see a dread lich (fast, invisible), a cacodemon (summoned), a balrug
(summoned), a freezing wraith and a hellion (summoned).

Vanquished Creatures
  10 nagarajas
  A tengu reaver (Vaults:1)
  Donald (Shoals:1)
  A vault warden (Vaults:1)
  An orc warlord (Orc:1)
  Aizul (Snake:3)
  A quicksilver ooze (Lair:1)
  A balrug (Depths:1)
  A very ugly thing (D:14)
  A vampire knight (Depths:1)
  A deep elf demonologist (Elf:1)
  Azrael (D:15)
  Snorg (Lair:6)
  3 fire dragons (Depths:1)
  3 deep elf death magi
  A great orb of eyes (D:15)
  The ghost of Jawa73 the Spear-Bearer, a journeyman OpFi of Gozag (Lair:3)
  2 ettins (Depths:1)
  2 merfolk impalers (Shoals:1)
  3 merfolk javelineers
  The ghost of Cercoroba the Grappler, a journeyman TrBe of Trog (Lair:1)
  A deep elf high priest (Elf:1)
  A yaktaur captain (Vaults:1)
  Josephine (D:15)
  4 vault guards
  3 boulder beetles
  10 naga warriors
  3 rakshasas
  3 ice dragons (Depths:1)
  12 hydras
  2 catoblepae
  An ironbound thunderhulk (Vaults:1)
  An alligator snapping turtle (Shoals:2)
  9 anacondas
  3 two-headed ogres
  An ironbound frostheart (Vaults:1)
  3 death knights
  4 centaur warriors
  A deep troll shaman (Depths:1)
  23 dancing weapons
  11 death yaks
  7 naga sharpshooters
  4 orc high priests (Orc:2)
  2 deep troll earth magi
  An ironbound beastmaster (Vaults:1)
  17 deep elf knights
  A storm dragon zombie (Depths:1)
  4 soul eaters (Depths:1)
  8 shock serpents
  A sun demon (Depths:1)
  A fire crab (D:15)
  A sixfirhy (Depths:1)
  A salamander mystic (Snake:2)
  A goliath frog (Lair:6)
  4 deep trolls (Depths:1)
  17 sea snakes
  A swamp dragon (Lair:5)
  2 bog bodies (IceCv)
  A phantasmal warrior (D:15)
  6 orc knights
  2 necromancers (Depths:1)
  5 naga ritualists
  9 deep elf archers
  26 deep elf zephyrmancers
  A wolf spider (D:13)
  29 deep elf pyromancers
  4 harpies (Shoals:2)
  21 ugly things
  2 lindwurms (Vaults:1)
  11 mana vipers
  A mana viper (shapeshifter) (Elf:2)
  3 orc sorcerers
  A cyclops (shapeshifter) (D:14)
  4 cyclopes
  A frost giant zombie (Depths:1)
  A salamander (shapeshifter) (D:11)
  A fire giant zombie (Depths:1)
  6 manticores
  A nameless horror (Snake:2)
  An ice statue (IceCv)
  8 salamanders
  A stone giant skeleton (Depths:1)
  18 naga magi
  8 elephants
  10 guardian serpents
  4 merfolk sirens
  4 vault sentinels (Vaults:1)
  2 smoke demons (Depths:1)
  32 black mambas
  A rust devil (Depths:1)
  27 cane toads
  A gargoyle (D:13)
  A torpor snail (Lair:2)
  3 unseen horrors
  2 yaktaurs
  A rime drake (Lair:6)
  An ice devil (Depths:1)
  A hellwing (Depths:1)
  12 komodo dragons
  A hellion (Depths:1)
  An efreet (D:14)
  3 freezing wraiths
  An entropy weaver simulacrum (IceCv)
  3 trolls
  6 merfolk
  6 polar bears
  2 meliai (shapeshifter)
  2 wind drakes
  3 tyrant leeches (Lair:6)
  30 blink frogs
  13 slime creatures
  Grinder (D:3)
  10 dream sheep (Lair:6)
  A spriggan zombie (Depths:1)
  2 snapping turtles
  An ice dragon zombie (Depths:1)
  3 air elementals
  A fire dragon zombie (Depths:1)
  A tarantella (shapeshifter) (D:14)
  4 wraiths
  2 vampires
  2 wyverns
  4 water elementals
  39 yaks
  5 basilisks
  2 fire elementals (D:15)
  Grum (D:8)
  13 vampire mosquitoes
  A steam dragon (D:5)
  A harpy simulacrum (IceCv)
  4 wargs
  53 nagas
  2 acid dragons
  8 water moccasins
  2 hell hounds (D:15)
  A swamp drake (Lair:5)
  5 black bears
  An ice beast (D:6)
  35 orc warriors
  5 ogres
  13 wolves
  2 phantoms
  7 centaurs
  10 two-headed ogre simulacra (IceCv)
  2 gnoll sergeants (D:8)
  14 bullfrogs
  3 earth elementals
  A scorpion (D:4)
  A wyvern skeleton (D:5)
  3 elephant simulacra (IceCv)
  13 killer bees
  2 water moccasin skeletons (D:7)
  9 wights
  5 howler monkeys
  An electric eel (Snake:3)
  2 centaur zombies
  5 gnoll shamans
  7 jellies
  18 hounds
  32 orc priests
  A bullfrog skeleton (D:6)
  Natasha (thrice) (D:3)
  Terence (D:3)
  An iguana (D:4)
  29 orc wizards
  2 spriggan simulacra (IceCv)
  4 troll simulacra (IceCv)
  3 wolf simulacra (IceCv)
  A hound zombie (D:5)
  2 hound skeletons (D:5)
  A howler monkey zombie (D:7)
  21 gnolls
  8 adders
  A howler monkey skeleton (D:7)
  6 naga simulacra (IceCv)
  9 white imps
  6 ufetubi (IceCv)
  2 worms
  4 dart slugs
  90 orcs
  3 bats
  7 endoplasms
  2 giant cockroaches (D:2)
  6 goblins
  7 hobgoblins
  5 jackals
  6 quokkas
  7 ball pythons
  5 frilled lizards
  5 kobolds
  3 rats
1164 creatures vanquished.

Vanquished Creatures (collateral kills)
  The ghost of Zaque the Gelid, an adept NaIE of Vehumet (Snake:2)
  The ghost of nfekekn the Geomancer, an adept GrEE of Vehumet (Snake:2)
  Roxanne (Shoals:2)
  3 nagarajas (Snake:4)
  2 naga warriors (Snake:4)
  An alligator snapping turtle (Shoals:2)
  2 naga sharpshooters
  A sea snake (Snake:4)
  4 harpies (Shoals:2)
  2 elephants (Lair:6)
  A naga mage (Snake:4)
  A water nymph (Shoals:2)
  A tyrant leech (Lair:6)
  3 blink frogs (Lair:6)
  A snapping turtle (Shoals:2)
  A yak (D:8)
  A vampire mosquito (Lair:6)
  A steam dragon (D:8)
  2 nagas
  An orc warrior (Orc:2)
  A bullfrog (Lair:6)
  A killer bee (D:8)
  3 hounds (D:8)
  An orc wizard (Orc:2)
  2 gnolls (D:8)
  An orc (Orc:2)
  A jackal (D:8)
41 creatures vanquished.

Vanquished Creatures (others)
  A cacodemon (Depths:1)
  A deep elf knight (Elf:2)
  A deep elf pyromancer (Elf:1)
  A naga mage (Snake:3)
  An ice devil (Depths:1)
  A golden eye (shapeshifter) (D:15)
  A naga (Snake:3)
  4 wolves (Lair:6)
  A bush (D:15)
  A butterfly (D:15)
  19 fungi
  128 plants
160 creatures vanquished.

Grand Total: 1365 creatures vanquished

Notes
Turn   | Place    | Note
-------+----------+-------------------------------------------
     0 | D:1      | MacCMillion the Demonspawn Necromancer began the quest for
                  | the Orb.
     0 | D:1      | Reached XP level 1. HP: 13/13 MP: 3/3
   316 | D:1      | Gained mutation: You are partially covered in thin metallic
                  | scales. (AC +2) [demonic ancestry]
   316 | D:1      | Reached XP level 2. HP: 11/19 MP: 1/5
  1240 | D:1      | Reached skill level 1 in Fighting
  1306 | D:1      | Reached skill level 1 in Short Blades
  1500 | D:2      | Gained mutation: You are mostly covered in thin metallic
                  | scales. (AC +3) [demonic ancestry]
  1500 | D:2      | Reached XP level 3. HP: 24/26 MP: 3/6
  2228 | D:3      | Gained mutation: You regenerate magic rapidly. [demonic
                  | ancestry]
  2228 | D:3      | Reached XP level 4. HP: 31/33 MP: 4/7
  2278 | D:3      | Noticed Natasha
  2290 | D:3      | Killed Natasha
  2291 | D:3      | Reached skill level 5 in Necromancy
  2404 | D:3      | Noticed Natasha
  2560 | D:3      | Killed Natasha
  2613 | D:3      | Noticed Natasha
  2620 | D:3      | Killed Natasha
  2621 | D:3      | Reached XP level 5. HP: 36/39 MP: 4/8
  2648 | D:3      | Noticed Grinder
  2652 | D:3      | Paralysed by Grinder for 7 turns
  2663 | D:3      | Paralysed by Grinder for 6 turns
  3631 | D:3      | Reached XP level 6. HP: 38/47 MP: 4/9
  3838 | D:3      | Noticed Terence
  3843 | D:3      | Killed Terence
  4379 | D:4      | Reached skill level 6 in Necromancy
  4826 | D:4      | Reached XP level 7. HP: 51/55 MP: 6/10
  5237 | D:5      | Entered Level 5 of the Dungeon
  5393 | D:5      | Reached skill level 7 in Necromancy
  5484 | D:5      | Reached skill level 5 in Fighting
  5494 | D:5      | Found Ighodol's Armour Emporium.
  6606 | D:5      | Noticed a steam dragon
  6770 | D:5      | Found a staircase to the Ecumenical Temple.
  6775 | Temple   | Entered the Ecumenical Temple
  6891 | Temple   | Became a worshipper of Kikubaaqudgha
  7160 | D:6      | Reached skill level 8 in Necromancy
  7297 | D:6      | Reached XP level 8. HP: 51/63 MP: 8/11
  7443 | D:6      | Identified a scroll of acquirement
  7444 | D:6      | Acquired the +3 quick blade "Newtslayer" {drain, Contam
                  | rPois Dex+5}
  7550 | D:7      | Learned a level 4 spell: Animate Dead
  7960 | D:7      | Found a flagged portal.
  8005 | Bailey   | Entered a bailey
  8015 | Bailey   | Reached * piety under Kikubaaqudgha
  8015 | Bailey   | Received a gift from Kikubaaqudgha
  8088 | Bailey   | Reached skill level 1 in Evocations
  8091 | Bailey   | Reached skill level 5 in Short Blades
  8272 | Bailey   | Noticed an orc knight
  8422 | Bailey   | Gained mutation: You have a pair of small antennae on your
                  | head. [demonic ancestry]
  8422 | Bailey   | Reached XP level 9. HP: 59/69 MP: 5/12
  8455 | Bailey   | Killed an orc knight
  8663 | Bailey   | Noticed an orc knight
  8702 | Bailey   | Killed an orc knight
  8703 | Bailey   | Reached skill level 5 in Evocations
  8808 | Bailey   | Noticed an orc knight
  8834 | Bailey   | Killed an orc knight
  8835 | Bailey   | Reached skill level 1 in Armour
  8838 | Bailey   | Learned a level 2 spell: Blink
 10112 | D:6      | Gained mutation: You have a pair of antennae on your head.
                  | [demonic ancestry]
 10112 | D:6      | Reached XP level 10. HP: 44/77 MP: 10/13
 10661 | D:7      | Reached skill level 1 in Translocations
 10698 | D:7      | Reached ** piety under Kikubaaqudgha
 10799 | D:7      | Acquired 1144 gold pieces
 11434 | D:8      | Noticed a two-headed ogre
 11491 | D:8      | Killed a two-headed ogre
 12147 | D:8      | Noticed Grum
 12167 | D:8      | Killed Grum
 12249 | D:8      | Reached *** piety under Kikubaaqudgha
 12249 | D:8      | Received a gift from Kikubaaqudgha
 12274 | D:8      | Reached skill level 9 in Necromancy
 12586 | D:8      | Reached skill level 5 in Translocations
 12864 | D:8      | Learned a level 5 spell: Borgnjor's Vile Clutch
 12869 | D:8      | Acquired 1147 gold pieces
 12871 | D:8      | Acquired a +2 pair of boots of rampaging
 13054 | D:9      | Gained mutation: Your demonic aura sometimes causes spilled
                  | blood to erupt in flames. [demonic ancestry]
 13054 | D:9      | Reached XP level 11. HP: 81/83 MP: 14/14
 13056 | D:9      | Found a staircase to the Orcish Mines.
 13099 | D:9      | Reached skill level 5 in Dodging
 13223 | D:9      | Reached skill level 5 in Armour
 13239 | D:9      | Reached skill level 1 in Earth Magic
 13425 | D:9      | Reached **** piety under Kikubaaqudgha
 13825 | Orc:1    | Entered Level 1 of the Orcish Mines
 13845 | Orc:1    | Reached skill level 10 in Necromancy
 13852 | Orc:1    | Found Veokhly's Armour Shop.
 13856 | Orc:1    | Noticed an orc warlord
 13870 | Orc:1    | Killed an orc warlord
 14086 | Orc:1    | Reached skill level 5 in Earth Magic
 14094 | Orc:1    | Noticed an orc sorcerer
 14094 | Orc:1    | Paralysed by an orc sorcerer for 3 turns
 14131 | Orc:1    | Found Kegesk's Overcharged Wands.
 14239 | Orc:1    | Noticed an orc knight
 14251 | Orc:1    | Paralysed by an orc sorcerer for 2 turns
 14258 | Orc:1    | Killed an orc sorcerer
 14314 | Orc:1    | Killed an orc knight
 14651 | Orc:2    | Entered Level 2 of the Orcish Mines
 14679 | Orc:2    | Noticed an orc sorcerer
 14858 | Orc:2    | Noticed an orc high priest
 14894 | Orc:2    | Killed an orc high priest
 14899 | Orc:2    | Noticed an orc high priest
 14909 | Orc:2    | Killed an orc high priest
 14910 | Orc:2    | Gained mutation: When hurt, damage is shared between your
                  | health and your magic reserves. [demonic ancestry]
 14910 | Orc:2    | Reached XP level 12. HP: 44/91 MP: 8/15
 14966 | Orc:2    | Reached ***** piety under Kikubaaqudgha
 14967 | Orc:2    | Found Woaw's Antique Armour Boutique.
 15032 | Orc:2    | Noticed an orc high priest
 15035 | Orc:2    | Noticed an orc high priest
 15047 | Orc:2    | Killed an orc high priest
 15058 | Orc:2    | Found Nin Voat's Assorted Antiques.
 15080 | Orc:2    | Bought a scroll labelled IDECAD MYA for 25 gold pieces
 15080 | Orc:2    | Bought an encrusted cabochon ring for 125 gold pieces
 15092 | Orc:2    | Found Ucracs's Jewellery Shoppe.
 15094 | Orc:2    | Found a staircase to the Elven Halls.
 15239 | Orc:2    | Killed an orc high priest
 15405 | Orc:2    | Found Duegiuri's Jewellery Boutique.
 15405 | Orc:2    | Found Kodwec's Assorted Antiques.
 15592 | Orc:2    | Found Paral's Magic Scroll Shop.
 15596 | Orc:2    | Found Ufuexat's General Store.
 15599 | Orc:2    | Bought the ring of Coweoc {Will+ Slay+2 SInv} for 624 gold
                  | pieces
 15600 | Orc:2    | Bought a potion of cancellation for 136 gold pieces
 15600 | Orc:2    | Bought a potion of might for 68 gold pieces
 15601 | Orc:2    | Bought a scroll of identify for 26 gold pieces
 15601 | Orc:2    | Bought a scroll of vulnerability for 97 gold pieces
 15601 | Orc:2    | Bought a scroll of teleportation for 39 gold pieces
 15601 | Orc:2    | Bought a scroll of teleportation for 39 gold pieces
 15601 | Orc:2    | Bought a scroll of identify for 26 gold pieces
 15602 | Orc:2    | Bought a wand of flame (12) for 20 gold pieces
 15724 | Orc:2    | Found Buschane's Antique Armour Emporium.
 15730 | Orc:2    | Bought a shiny buckler for 210 gold pieces
 15967 | Orc:2    | Reached skill level 1 in Shields
 16035 | D:10     | Entered Level 10 of the Dungeon
 16036 | D:10     | Found a staircase to the Lair.
 16063 | D:10     | Noticed a two-headed ogre
 16081 | D:10     | Killed a two-headed ogre
 16082 | D:10     | Reached skill level 11 in Necromancy
 16125 | D:10     | Noticed a seven-headed hydra
 16138 | D:10     | Killed a seven-headed hydra
 16503 | D:11     | Found a frozen archway.
 16507 | IceCv    | Entered an ice cave
 17150 | IceCv    | HP: 3/94 [ice statue] (4)]
 18498 | D:11     | Noticed a centaur warrior
 18506 | D:11     | Killed a centaur warrior
 18807 | D:11     | Gained mutation: You have a pair of large antennae on your
                  | head. (SInv) [demonic ancestry]
 18807 | D:11     | Reached XP level 13. HP: 65/101 MP: 10/16
 19189 | D:11     | Reached skill level 12 in Necromancy
 19306 | D:11     | Identified the +3 leather armour of the Tanner {rElec MP+9
                  | Int-3}
 19384 | Lair:1   | Entered Level 1 of the Lair of Beasts
 19656 | Lair:1   | Found a runed translucent gate.
 19656 | Lair:1   | Found a runed translucent gate.
 19656 | Lair:1   | Found a runed translucent gate.
 19689 | Lair:1   | Noticed Cercoroba's ghost (journeyman TrBe)
 19690 | Lair:1   | Noticed a quicksilver ooze
 19691 | Lair:1   | Found a viscous altar of Jiyva.
 19816 | Orc:1    | Bought a wand of iceblast (25) for 493 gold pieces
 19816 | Orc:1    | Bought a wand of paralysis (25) for 459 gold pieces
 19816 | Orc:1    | Bought a wand of flame (55) for 484 gold pieces
 19817 | Orc:1    | Acquired 728 gold pieces
 20169 | Lair:2   | Found a staircase to the Snake Pit.
 20633 | Lair:2   | Reached skill level 10 in Fighting
 21235 | Lair:3   | Reached ****** piety under Kikubaaqudgha
 21266 | Lair:3   | Learned a level 2 spell: Sublimation of Blood
 21492 | Lair:3   | Found a runed translucent door.
 21492 | Lair:3   | Found a shimmering altar of Xom.
 21492 | Lair:3   | Noticed Jawa73's ghost (journeyman OpFi)
 22069 | Lair:4   | Found a staircase to the Shoals.
 22537 | Lair:4   | Reached skill level 13 in Necromancy
 23065 | Lair:5   | Reached XP level 14. HP: 109/110 MP: 16/18
 23911 | Lair:6   | Entered Level 6 of the Lair of Beasts
 24037 | Lair:5   | Received a gift from Kikubaaqudgha
 24044 | Lair:5   | Learned a level 5 spell: Lee's Rapid Deconstruction
 24238 | Lair:6   | Reached skill level 5 in Spellcasting
 24359 | Lair:6   | Reached skill level 14 in Necromancy
 24870 | Lair:6   | Reached XP level 15. HP: 76/115 MP: 3/24
 25024 | Lair:6   | Noticed Snorg
 25047 | Lair:6   | Killed Snorg
 25220 | Lair:6   | Found a staircase to the Slime Pits.
 26150 | D:12     | Identified the +10 dagger "Killer Bee's Regret" {venom,
                  | rPois Int+4 Stlth-}
 26438 | D:13     | Reached skill level 15 in Necromancy
 27040 | D:14     | Found a gate to the Vaults.
 27124 | D:13     | Reached skill level 10 in Armour
 27276 | D:14     | Reached skill level 1 in Ice Magic
 27907 | D:14     | Found a faded altar of an unknown god.
 27907 | D:14     | Found a faded altar of an unknown god.
 27909 | D:14     | Found a faded altar of an unknown god.
 27909 | D:14     | Found a hazy altar of Hepliaklqana.
 28467 | D:14     | Learned a level 6 spell: Simulacrum
 28483 | D:15     | Entered Level 15 of the Dungeon
 28941 | D:15     | Noticed a tengu reaver
 28942 | D:15     | Found a runed translucent door.
 28942 | D:15     | Noticed a frost giant
 28942 | D:15     | Noticed a frost giant
 29092 | D:15     | Noticed Josephine
 29136 | D:15     | Killed Josephine
 29417 | D:15     | Gained mutation: You are completely covered in thin
                  | metallic scales. (AC +4, rElec) [demonic ancestry]
 29417 | D:15     | Reached XP level 16. HP: 104/122 MP: 23/29
 29616 | D:15     | Paralysed by a great orb of eyes for 3 turns
 29641 | D:15     | Noticed Azrael
 29739 | D:15     | Paralysed by a great orb of eyes for 4 turns
 29974 | D:15     | Killed Azrael
 30075 | D:15     | Found a staircase to the Depths.
 30461 | Snake:1  | Entered Level 1 of the Snake Pit
 30730 | Snake:1  | Reached skill level 5 in Ice Magic
 30902 | Snake:1  | Identified the +1 robe of Pan-Flutes {-Tele Str+6}
 32154 | Snake:2  | Identified the +0 plate armour of Undesirable Species {rC++
                  | rN+ Str-3}
 32492 | Snake:2  | Found a runed translucent gate.
 32493 | Snake:2  | Found a runed translucent gate.
 32493 | Snake:2  | Found a runed translucent gate.
 32495 | Snake:2  | Noticed nfekekn's ghost (adept GrEE)
 32495 | Snake:2  | Noticed Zaque's ghost (adept NaIE)
 32735 | Snake:2  | Reached skill level 16 in Necromancy
 33332 | D:3      | Killed Grinder
 33977 | Lair:1   | Reached skill level 10 in Spellcasting
 34089 | Lair:1   | Killed Cercoroba's ghost
 34299 | Lair:3   | Killed Jawa73's ghost
 34416 | Lair:4   | Learned a level 8 spell: Infestation
 34597 | Snake:3  | Noticed Aizul
 34625 | Snake:3  | Killed Aizul
 34766 | Elf:1    | Entered Level 1 of the Elven Halls
 35124 | Orc:2    | Reached skill level 10 in Earth Magic
 35145 | Elf:1    | Paralysed by an air elemental for 1 turns
 35149 | Orc:2    | Paralysed by an air elemental for 1 turns
 35163 | Orc:2    | Reached skill level 1 in Summonings
 35351 | Elf:1    | Found Celiaps's General Store.
 35351 | Elf:1    | Found Keedomar's Jewellery Shoppe.
 35736 | Elf:1    | Reached XP level 17. HP: 84/129 MP: 5/31
 35876 | Elf:1    | Reached skill level 5 in Summonings
 36932 | Elf:1    | Learned a level 6 spell: Death Channel
 36990 | Elf:2    | Paralysed by an air elemental for 1 turns
 37123 | Elf:2    | Reached skill level 1 in Axes
 37705 | Elf:2    | Found a runed translucent gate.
 37705 | Elf:2    | Found a runed translucent gate.
 37705 | Elf:2    | Found a runed translucent gate.
 38009 | Elf:2    | Learned a level 2 spell: Passwall
 38234 | Elf:2    | Reached skill level 17 in Necromancy
 38607 | Elf:2    | Reached skill level 5 in Axes
 38859 | D:10     | Gained mutation: You are frail. (-10% HP) [mutagenic glow]
 40417 | Snake:3  | Gained mutation: Your presence sometimes corrodes those you
                  | injure. [demonic ancestry]
 40417 | Snake:3  | Reached XP level 18. HP: 100/124 MP: 9/32
 40524 | Snake:3  | Found Umomnof's Book Shop.
 40525 | Snake:3  | Found Hink's Jewellery Emporium.
 40525 | Snake:3  | Found Asuap's Jewellery Emporium.
 41177 | Snake:3  | Found Wujathriu's Weapon Shoppe.
 41196 | Snake:4  | Entered Level 4 of the Snake Pit
 41312 | Snake:4  | Found Ideuthy's CLEARANCE SALE!.
 41932 | Orc:2    | Bought an amulet of magic regeneration for 390 gold pieces
 42672 | Shoals:1 | Entered Level 1 of the Shoals
 42713 | Shoals:1 | Noticed Donald
 42724 | Shoals:1 | Killed Donald
 42766 | Shoals:1 | You fall into a shaft and drop 1 floor!
 43122 | Shoals:1 | Found Eceaw's Magic Scroll Emporium.
 43175 | Shoals:1 | Bought a scroll of acquirement for 884 gold pieces
 43175 | Shoals:1 | Acquired the +3 pair of gloves of the Lion {Str+3}
 43177 | Shoals:1 | Bought a scroll of acquirement for 884 gold pieces
 43177 | Shoals:1 | Acquired a staff of death
 43347 | Shoals:1 | Reached skill level 1 in Staves
 43870 | Shoals:2 | Reached skill level 10 in Short Blades
 44023 | Shoals:2 | Reached skill level 5 in Stealth
 44122 | Shoals:2 | Identified Roxanne's Collected Works on Moulding
 44122 | Shoals:2 | Noticed Roxanne
 44130 | Shoals:2 | Killed Roxanne
 44206 | Shoals:2 | Found an iron altar of Okawaru.
 44843 | Depths:1 | Entered Level 1 of the Depths
 45029 | Depths:1 | Found a gateway to a ziggurat.
 45314 | Depths:1 | Reached skill level 5 in Shields
 45379 | Depths:1 | Gained mutation: Armour fits poorly on your strangely
                  | shaped body. [a cacodemon]
 45382 | Depths:1 | Gained mutation: When low on magic, you restore magic in
                  | place of health. [demonic ancestry]
 45382 | Depths:1 | Reached XP level 19. HP: 101/128 MP: 15/33
 45514 | Depths:1 | Found a one-way gate to the infinite horrors of the Abyss.
 45718 | Depths:1 | Reached skill level 5 in Staves
 46243 | Orc:2    | Bought a potion of haste for 200 gold pieces
 46321 | Orc:2    | Bought a glowing rapier for 140 gold pieces
 46326 | Orc:2    | Bought a ring of wizardry for 420 gold pieces
 46335 | Orc:2    | Learned a level 7 spell: Haunt
 47003 | Snake:4  | Got a serpentine rune of Zot
 47351 | Snake:2  | Killed Zaque's ghost
 47379 | Snake:2  | Killed nfekekn's ghost
 47530 | Snake:2  | Identified the amulet of Witekiox {Rampage rN+ Regen+
                  | Str+2}
 47763 | Vaults:1 | Entered Level 1 of the Vaults
 48220 | Vaults:1 | Noticed a dread lich
 48385 | D:14     | Paralysed by a dread lich for 5 turns
 48413 | D:14     | Killed from afar by a hellion

Illustrated notes

Levels and vault maps discovered:
D:1:      psy_arrival_heroes, layout_basic, serial_curves, eino_curves_02,
          eino_curves_01
D:2:      layout_rooms, hellmonk_ecumenical_altar_inner_sanctum
D:3:      layout_basic, uniq_grinder, uniq_natasha, uniq_terence
D:4:      layout_gridville
D:5:      layout_basic, zin_statuary, temple_doors_ab, serial_shops, shop
D:6:      layout_basic, grunt_ministairs_11
D:7:      layout_basic, enter_bailey_2, minivault_1
D:8:      layout_cave_pools, serial_gnoll_camp, grums_kennel,
          gnoll_camp_mini_doghouse, gnoll_camp_huts_basic,
          gnoll_camp_mini_basic, gnoll_camp_mini_doghouse, gnoll_camp_mini_hut,
          eino_jars
D:9:      layout_roguey, david_orc_3, minmay_misc_feat_hallway
D:10:     layout_big_octagon, lair_entry_dummy, chequers_serial_rivers_micro_a
D:11:     minmay_tri_box, layout_loops_ring, serial_co_window_serial,
          co_window_of_opportunity_a, co_window_corner_a, co_window_paths_a,
          co_window_corner_a, co_window_paths_a, co_window_paths_a,
          co_window_corner_a, co_window_of_opportunity_b, co_window_broadway_c,
          co_window_2corner, glass_columns_b, portal_ice_cave_entry_pillars_1,
          lightli_orcish_oven
D:12:     layout_roguey
D:13:     layout_irregular_city, serial_column_ruins, column_ruins_hut_ruined,
          column_ruins_corridor_dead_end, column_ruins_open_medium,
          column_ruins_open_small, column_ruins_grid_1
D:14:     layout_cave_pods, lightli_vaults_fourway_checkpoint,
          nicolae_hepliaklqana_ecumenical_no_more, serial_rivers,
          chequers_serial_rivers_micro_e, chequers_serial_rivers_micro_d,
          chequers_serial_rivers_micro_b, chequers_serial_rivers_marsh,
          minmay_misc_feat_plants
D:15:     gammafunk_enter_depths_forms, layout_loops_cross,
          nicolae_elyvilon_peaceful_grove, kennysheep_treasure_room,
          uniq_azrael, uniq_josephine
Temple:   regret_index_temple_sigil_plot
Lair:1:   layout_hall_layers, gammafunk_ghost_ooze,
          chequers_serial_rivers_marsh, grunt_megastairs_5
Lair:2:   layout_chaotic_city, guppyfry_snake_entry_island
Lair:3:   layout_cave_pods, ebering_ghost_xom
Lair:4:   layout_misc_corridors, minmay_shoals_entry_centaurs,
          nicolae_quartered_pool_super
Lair:5:   layout_long_grid, pond
Lair:6:   minmay_lair_end_frog_pond, layout_cave_pods,
          nicolae_slime_entry_slimehenge, gauntlet_entry_generic, uniq_snorg
Shoals:1: layout_shoals, serial_shops, nicolae_shop_trees,
          nicolae_shoals_mertower, uniq_donald
Shoals:2: layout_shoals, lemuel_altar_in_water, uniq_roxanne
Shoals:3: layout_shoals, serial_shops, nicolae_take_the_stairs, uniq_polyphemus
Snake:1:  layout_gridlike
Snake:2:  layout_cave_pods, gammafunk_ghost_cemetery
Snake:3:  layout_rooms, serial_shops, shop, hangedman_snake_sidewinding,
          serial_bayou_shore_a, minmay_shop_grove, uniq_aizul
Snake:4:  grunt_snake_rune_pools, layout_misc_corridors, drop_trap,
          nicolae_shop_clearance
Orc:1:    layout_caves, serial_shops, shop, nicolae_shop_overcharged_wands
Orc:2:    st_orc_mages, layout_caves, serial_shops, nicolae_shop_crystal,
          nicolae_square_shop, shop, nicolae_shop_statue_plus, minmay_orc_keep
Elf:1:    eino_elf_arrival_sip, layout_geoelf_octagon,
          kennysheep_underground_church, minmay_shoptagon
Elf:2:    nicolae_elf_blades_splatter_lattice [nicolae_blade_tridents],
          layout_loops_cross
Vaults:1: ontoclasm_vaults_decontamination, nicolae_vaults_network_quinsquares
          [nicolae_vaults_network_quincunx_subvault,
          nicolae_vaults_network_quincunx_subvault,
          nicolae_vaults_network_quincunx_subvault,
          nicolae_vaults_network_quincunx_subvault], grunt_vaults_funnel,
          hangedman_vaults_pinch, nicolae_vaults_gold_heap, st_quartered_hall,
          nicolae_vaults_network_square, ontoclasm_vaults_loading_screen,
          v_pattern_5, hangedman_vaults_snaps, vaults_dpeg_spiral,
          hangedman_vaults_corner_blocks, grunt_vaults_hallway_short,
          grunt_vaults_focal, layout_vaults_omnibox, serial_shops, shop
Depths:1: layout_long_grid, enter_ziggurat_e, grunt_hell_entry_demonic_statue,
          serial_co_window_serial, co_window_of_opportunity_a,
          co_window_of_opportunity_a, co_window_corner_a, co_window_paths_a,
          co_window_corner_a, co_window_corner_a, co_window_paths_a,
          co_window_corner_a, co_window_cross_1, co_window_corner_b,
          co_window_corner_cb, co_window_corner_cb, co_window_of_opportunity_b,
          co_window_4corner_a, glass_columns_a, glass_columns_c,
          glass_columns_a, glass_columns_b, glass_columns_b, abyss_entry,
          nrook_campfire, lemuel_blue_sif_altar, serial_bayou_shore_b

Skill      XL: |  1  2  3  4  5  6  7  8  9 10 11 12 13 14 15 16 17 18 19 |
---------------+----------------------------------------------------------+-----
Stealth        | 2 3 5 |  5.6
Fighting       | 1 2 3 4 5 6 7 9 10 11 | 11.0
Short Blades   | 1 2 3 5 8 10 | 10.0
Necromancy     | 5 6 8 9 10 11 13 14 15 16 17 | 17.6
Evocations     | 3 5 6 8 |  8.1
Armour         | 2 4 5 6 9 10 11 | 11.1
Dodging        | 3 4 5 |  5.0
Translocations | 5 |  5.0
Earth Magic    | 6 8 9 10 | 10.0
Shields        | 4 5 8 |  8.2
Spellcasting   | 6 9 10 | 10.0
Ice Magic      | 3 6 |  6.3
Summonings     | 4 8 9 |  9.2
Axes           | 7 9 |  9.7
Staves         | 4 6 |  6.7

Action                   |  1- 3 |  4- 6 |  7- 9 | 10-12 | 13-15 | 16-18 | 19-21 || total
-------------------------+-------+-------+-------+-------+-------+-------+-------++-------
Melee: Dagger            |    26 |    40 |   111 |       |       |   457 |   254 ||   888
       Quick blade       |       |       |   116 |  1573 |  1983 |  1325 |       ||  4997
       Battleaxe         |       |       |       |       |       |    31 |       ||    31
 Cast: Pain              |    60 |   111 |   143 |    68 |       |       |       ||   382
       Animate Dead      |       |       |     5 |    13 |    16 |     1 |       ||    35
       Blink             |       |       |       |     2 |       |     4 |       ||     6
       Borgnjor's Vile C |       |       |       |     9 |    26 |   214 |    80 ||   329
       Lee's Rapid Decon |       |       |       |       |    11 |    45 |    11 ||    67
       Death Channel     |       |       |       |       |       |     8 |     1 ||     9
       Haunt             |       |       |       |       |       |       |     2 ||     2
       Passwall          |       |       |       |       |       |       |     1 ||     1
Invok: Receive Corpses   |       |       |     1 |     4 |     2 |     2 |       ||     9
       Receive Forbidden |       |       |       |       |     1 |       |       ||     1
Evoke: Wand              |       |       |    42 |    38 |    11 |    53 |    10 ||   154
       Condenser vane    |       |       |       |       |       |     1 |       ||     1
  Use: Potion            |       |     1 |     4 |     6 |     4 |    18 |     3 ||    36
       Scroll            |       |       |    11 |    14 |    18 |    15 |     1 ||    59
 Stab: Sleeping          |     2 |       |       |     1 |     2 |     3 |       ||     8
       Invisible         |       |       |       |     4 |       |       |       ||     4
       Distracted        |       |       |       |     1 |     4 |     2 |       ||     7
       Paralysed         |       |       |       |       |     3 |       |       ||     3
       Confused          |       |       |       |       |       |     2 |       ||     2
Armor: Robe              |     4 |       |       |       |       |       |       ||     4
       Leather armour    |     4 |       |       |       |       |       |       ||     4
       Ring mail         |     1 |    15 |   130 |   253 |       |       |       ||   399
       Skin              |       |    21 |       |       |       |       |       ||    21
       Scale mail        |       |       |       |    70 |    43 |   162 |       ||   275
       Troll leather arm |       |       |       |    38 |   381 |   418 |   113 ||   950
       Shadow dragon sca |       |       |       |       |       |    68 |       ||    68
Dodge: Dodged            |    20 |    32 |   134 |   453 |   516 |   573 |    99 ||  1827
Block: Buckler           |       |       |       |    42 |   302 |   268 |    75 ||   687

Table legend: (Time is in decaauts)
 A = Elapsed time spent in this place.
 B = Non-inter-level travel time spent in this place.
 C = Inter-level travel time spent in this place.
 D = Time resting spent in this place.
 E = Time spent auto-exploring this place.
 F = Levels seen in this place.
 G = Mean time per level.
                   A        B        C        D        E       F      G
               +--------+--------+--------+--------+--------+-----+--------+
         Total |  44906 |  39860 |   5046 |   5937 |  22974 |  37 | 1213.7 |
       Dungeon |  19921 |  17931 |   1990 |   2947 |  10893 |  15 | 1328.1 |
        Temple |    133 |    117 |     16 |      0 |     99 |   1 |  133.0 |
          Lair |   7013 |   5618 |   1395 |    491 |   3674 |   6 | 1168.8 |
        Shoals |   2045 |   1855 |    190 |    127 |   1048 |   3 |  681.7 |
     Snake Pit |   6274 |   5350 |    924 |    892 |   2900 |   4 | 1568.5 |
  Orcish Mines |   2449 |   1998 |    451 |    287 |    962 |   2 | 1224.5 |
   Elven Halls |   3121 |   3044 |     77 |    436 |   1657 |   2 | 1560.5 |
        Vaults |    488 |    488 |      0 |     46 |    208 |   1 |  488.0 |
        Depths |    962 |    962 |      0 |     34 |    478 |   1 |  962.0 |
        Bailey |   1233 |   1233 |      0 |    564 |    376 |   1 | 1233.0 |
      Ice Cave |   1261 |   1261 |      0 |    111 |    676 |   1 | 1261.0 |
               +--------+--------+--------+--------+--------+-----+--------+

Top non-repeatable levels by time:
 Snake:3: 1922 daAuts
     D:3: 1889 daAuts
 Snake:2: 1870 daAuts
     D:5: 1828 daAuts
   Elf:2: 1753 daAuts
    D:15: 1602 daAuts
  Lair:1: 1598 daAuts
     D:7: 1592 daAuts
   Orc:2: 1549 daAuts
     D:6: 1534 daAuts
     D:4: 1530 daAuts
     D:1: 1496 daAuts
 Snake:1: 1491 daAuts
    D:14: 1467 daAuts
    D:11: 1426 daAuts
